 Dungeon Crawl Stone Soup version 0.14-a0-882-gdff4d47 (webtiles) character file.

82 4tharraofdagon the Firebug (level 4, -2/36 HPs)
             Began as a Naga Fire Elementalist on Nov 17, 2013.
             Slain by Edmund
             ... wielding a +1,+4 flail of protection
              (8 damage)
             ... on Level 4 of the Dungeon.
             The game lasted 00:04:22 (488 turns).

4tharraofdagon the Firebug (Naga Fire Elementalist)  Turns: 488, Time: 00:04:22

HP  -2/36        AC  3     Str 10      XL: 4   Next: 31%
MP   1/7         EV 10     Int 19      God:
Gold 7           SH  0     Dex 11      Spells:  2 memorised,  2 levels left

Res.Fire  : . . .   See Invis. : +   i - +6,+10 dagger of the Dungeon {venom, +Inv rC+ Int+2}
Res.Cold  : + . .   Warding    : .   a - +0 robe
Life Prot.: . . .   Conserve   : .   (no shield)
Res.Poison: +       Res.Corr.  : .   (no helmet)
Res.Elec. : .       Clarity    : .   h - +0 elf cloak
Sust.Abil.: . .     Spirit.Shd : .   (no gloves)
Res.Mut.  : .       Stasis     : .   (no barding)
Res.Rott. : .       Flight     : .   (no amulet)
Saprovore : . . .                    (no ring)
                                     (no ring)

@: confused, very slow, slightly resistant to hostile enchantments, unstealthy
A: spit poison, see invisible, deformed body, poison resistance, slowness 2, AC
+1
a: Spit Poison, Evoke Invisibility


You were on level 4 of the Dungeon.
You were not hungry.

You visited 2 branches of the dungeon, and saw 5 of its levels.

You collected 7 gold pieces.

Inventory:

Hand weapons
 i - the +6,+10 dagger of the Dungeon (weapon) {venom, +Inv rC+ Int+2}
   (You found it on level 4 of the Dungeon)

   It poisons the flesh of those it strikes.
   It affects your intelligence (+2).
   It protects you from cold.
   It lets you turn invisible.
Armour
 a - a +0 robe (worn)
 h - a +0 elven cloak (worn)
Comestibles
 c - a bread ration
 g - a pear
Scrolls
 d - a scroll of enchant weapon II {unknown}
 e - a scroll of fear {unknown}
 f - 2 scrolls of curse jewellery {unknown}
Books
 b - a book of Flames

   Spells                             Type                      Level
   *Flame Tongue                      Conjuration/Fire             1
   Throw Flame                        Conjuration/Fire             2
   *Conjure Flame                     Conjuration/Fire             3
   Inner Flame                        Hexes/Fire                   3
   Sticky Flame                       Conjuration/Fire             4
   Fireball                           Conjuration/Fire             5


   Skills:
 - Level 1.5 Dodging
 - Level 3.0 Stealth
 + Level 1.6 Spellcasting
 * Level 2.5 Conjurations
 * Level 4.0 Fire Magic


You had 2 spell levels left.
You knew the following spells:

 Your Spells              Type           Power        Failure   Level  Hunger
a - Flame Tongue          Conj/Fire      ##...        6%          1    #......
b - Conjure Flame         Conj/Fire      ##......     14%         3    ####...


Dungeon Overview and Level Annotations

Branches:
Dungeon (4/16)             Temple (1/1) D:4

Altars:
Ashenzari
Cheibriados
Elyvilon
Fedhas
Nemelex Xobeh
Okawaru
Trog
Yredelemnul
Zin

Annotations:
D:4 Edmund; Prince Ribbit; nOtime's ghost, weakling MiFi


Innate Abilities, Weirdness & Mutations

You cannot wear boots.
You can spit poison.
Your serpentine skin is tough (AC +1).
You have supernaturally acute eyesight.
Armour fits poorly on your strangely shaped body.
Your system is resistant to poisons.
You cover ground very slowly.


Message History

You can't see any susceptible monsters within range! (Use Z to cast anyway.) Unknown command.
Found 19 stones.
Edmund comes into view.
He is wielding a glowing flail.
Found a ring mail.
You see here a pear.
Drink which item? (? for menu, Esc to quit)
Okay, then.
g - a pear
Casting: Flame Tongue
Confirm with . or Enter, or press ? or * to list all spells.
Aiming: Conjure Flame
Press: ? - help, Dir - move target cursor The fire roars!
Unknown command.
Drink which item? (? for menu, Esc to quit)
You are confused.
It was a potion of confusion.
Edmund is engulfed in roaring flames.
Edmund hits you with a glowing flail!
You die...

.... .........[
...........
##......(....
#.............
#.............
#.............
#%.@.........
#..@......... .
#.............
#...#.............
#.................
#..................##
#...................#..
##.....................
#.......................
#.......................


You could see Edmund.

Vanquished Creatures
  A worker ant (D:4)
  Ijyb (D:4)
  3 adders (D:3)
  An orc (D:3)
  2 goblins
  3 hobgoblins
  A ball python (D:4)
  A quokka (D:3)
13 creatures vanquished.

Notes
Turn   | Place    | Note
--------------------------------------------------------------
     0 | D:1      | 4tharraofdagon, the Naga Fire Elementalist, began the quest for the Orb.
     0 | D:1      | Reached XP level 1. HP: 15/15 MP: 3/3
    85 | D:3      | Reached XP level 2. HP: 7/22 MP: 2/4
   159 | D:4      | Found a shattered altar of Ashenzari.
   184 | D:4      | Noticed nOtime's ghost (weakling MiFi)
   264 | D:3      | Reached XP level 3. HP: 7/28 MP: 1/6
   271 | D:3      | Learned a level 3 spell: Conjure Flame
   350 | D:4      | Found a staircase to the Ecumenical Temple.
   355 | D:4      | Noticed Ijyb
   366 | Temple   | Entered the Ecumenical Temple
   371 | Temple   | :D
   428 | D:4      | Noticed Prince Ribbit
   446 | D:4      | Got an ancient dagger
   447 | D:4      | Identified the +6,+10 dagger of the Dungeon {venom, +Inv rC+ Int+2} (You found it on level 4 of the Dungeon)
   447 | D:4      | Identified the +6,+10 dagger of the Dungeon {venom, +Inv rC+ Int+2} (You found it on level 4 of the Dungeon)
   454 | D:4      | Killed Ijyb
   454 | D:4      | Reached skill level 4 in Fire Magic
   454 | D:4      | Reached XP level 4. HP: 2/36 MP: 3/7
   483 | D:4      | Noticed Edmund
   488 | D:4      | Slain by Edmund

Action                   |  1- 3 |  4- 6 || total
-------------------------+-------+-------++-------
Melee: Unarmed           |     5 |       ||     5
       Dagger            |     4 |       ||     4
 Cast: Flame Tongue      |    18 |     3 ||    21
       Conjure Flame     |       |     1 ||     1
 Abil: Spit Poison       |    10 |     1 ||    11
  Use: Potion            |     1 |     1 ||     2
